 Dungeon Crawl Stone Soup version 0.27-a0-1202-ge72e49191c (webtiles) character file.

Game seed: 4619913067573393728

293 lunkers the Magician (level 6, 0/46 HPs)
             Began as a Djinni Earth Elementalist on June 2, 2021.
             Slain by a goblin
             ... wielding a +0 dagger
             ... led by Robin
              (6 damage)
             ... on level 2 of the Dungeon.
             The game lasted 00:03:09 (2786 turns).

lunkers the Magician (Djinni Earth Elementalist)    Turns: 2786, Time: 00:03:10

Health: 0/46       AC:  2    Str:  7    XL:     6   Next: 60%
Gold:   47         EV: 16    Int: 18    God:
                   SH:  0    Dex: 14

rFire    + + .     SeeInvis .   (no weapon)
rCold    x . .     Faith    .   (no shield)
rNeg     . . .     Spirit   .   c - +0 robe
rPois    ∞         Reflect  .   (no helmet)
rElec    .         Harm     .   (no cloak)
rCorr    .         Rampage  .   (no gloves)
Will     .....                  (boots unavailable)
Stlth    ++........             (no amulet)
HPRegen  0.15/turn              g - +4 ring of evasion
MPRegen  0.00/turn              (no ring)

@: flying
A: sickness immunity, fire resistance 2, cold vulnerability 1, float, innate
caster, hp casting, extra vitality 1
a: no special abilities


You were on level 2 of the Dungeon.
You visited 1 branch of the dungeon, and saw 3 of its levels.

You collected 47 gold pieces.

Inventory:

Missiles
 b - 47 stones
Armour
 c - a +0 robe (worn)
Jewellery
 g - a +4 ring of evasion (left hand)
Scrolls
 a - a scroll of magic mapping {unknown}
 k - a scroll of enchant weapon {unknown}
Potions
 d - a potion of berserk rage {unknown}
 e - 2 potions of lignification {unknown}
 f - a potion of haste {unknown}
 h - a potion of heal wounds {unknown}
 i - a potion of flight {unknown}
 j - 2 potions of mutation {unknown}


   Skills:
 + Level 3.2 Fighting
 - Level 2.1 Dodging
 - Level 1.5 Stealth
 * Level 4.5 Spellcasting


You couldn't memorise any spells.
You knew the following spells:

 Your Spells              Type           Power      Damage    Failure   Level
a - Stone Arrow           Conj/Erth      40%        3d9       6%          3
b - Passwall              Tmut/Erth      16%        N/A       3%          2
c - Sandblast             Erth           40%        2d10      2%          1
d - Petrify               Tmut/Erth      20%        N/A       22%         4
e - Lee's Rapid Deconstr  Erth           10%        3d9*      52%         5
f - Shock                 Conj/Air       80%        1d8       2%          1
g - Poisonous Vapours     Pois/Air       40%        N/A       3%          2
Your spell library was empty.

Dungeon Overview and Level Annotations

Branches:
Dungeon (3/15)

Altars:

Annotations:
D:3 Jessica, Robin


Innate Abilities, Weirdness & Mutations

You are immune to sickness and miasma.
You are immune to poison.
Your flesh is very heat resistant. (rF++)
You are vulnerable to cold. (rC-)
You float through the air rather than walking.
You learn spells naturally, not from books.
Your magical power is your life essence.
You have superior vitality. (+4 HP)


Message History

* * * LOW HITPOINT WARNING * * *
Robin throws the goblin at you!
The goblin shouts!
You fly upwards.
There is a stone staircase leading down here.
Unknown command.
Unknown command.
Unknown command.
Unknown command.
Casting: Stone Arrow (dangerous; 6% risk of failure)
Confirm with . or Enter, or press ? or * to list all spells.
Aiming: Stone Arrow (dangerous; 6% risk of failure)
Press: ? - help, Shift-Dir - straight line, f - goblin
Aim: a goblin, wielding a +0 club (strong, 64% to hit)
The stone arrow hits the goblin!
You kill the goblin!
* * * LOW HITPOINT WARNING * * *
The goblin hits you with a +0 dagger.
* * * LOW HITPOINT WARNING * * *
The goblin hits you with a +0 dagger.
* * * LOW HITPOINT WARNING * * *
Casting: Stone Arrow (dangerous; 6% risk of failure)
Confirm with . or Enter, or press ? or * to list all spells.
Aiming: Stone Arrow (dangerous; 6% risk of failure)
Press: ? - help, Shift-Dir - straight line, f - goblin
Aim: a goblin, wielding a +0 dagger (strong, 64% to hit)
The stone arrow misses the goblin.
* * * LOW HITPOINT WARNING * * *
The goblin misses you. The goblin hits you with a +0 dagger.
* * * LOW HITPOINT WARNING * * *
Casting: Stone Arrow (dangerous; 6% risk of failure)
Confirm with . or Enter, or press ? or * to list all spells.
Aiming: Stone Arrow (dangerous; 6% risk of failure)
Press: ? - help, Shift-Dir - straight line, f/p - goblin
Aim: a goblin, wielding a +0 dagger (strong, 64% to hit)
The stone arrow hits the goblin!
You kill the goblin!
* * * LOW HITPOINT WARNING * * *
The goblin hits you with a +0 dagger.
You die...

#.#######....####......
#.####.......####......
#......#.......##......
######.#.#....###......
#.#.#....# #......
#.#.#....# #......
#.#.#....# #######
#)#.####.#######..
#@)...............
#g†......#######..
###'######## #..
#.......# #.. #.......#
#.. #.......# ###
#.......# #.......####
#..........#


You could see a goblin (strong).

Vanquished Creatures
  Sigmund (D:2)
  Natasha (thrice) (D:2)
  2 adders (D:2)
  2 worms (D:2)
  A dart slug (D:1)
  2 bats
  6 endoplasms (D:2)
  7 goblins
  4 hobgoblins
  3 quokkas
  4 ball pythons
  4 frilled lizards
  4 kobolds
  4 rats (D:2)
47 creatures vanquished.

Notes
Turn   | Place    | Note
-------+----------+-------------------------------------------
     0 | D:1      | lunkers the Djinni Earth Elementalist began the quest for
                  | the Orb.
     0 | D:1      | Reached XP level 1. HP: 15/15 MP: 0/0
   303 | D:1      | You are sucked into a shaft and drop 1 floor!
   307 | D:2      | Reached XP level 2. HP: 19/22 MP: 0/0
   503 | D:2      | Reached skill level 1 in Fighting
   505 | D:2      | Noticed Sigmund
   564 | D:2      | Reached skill level 3 in Spellcasting
   564 | D:2      | Reached XP level 3. HP: 22/27 MP: 0/0
   564 | D:2      | Learned a level 1 spell: Shock
   774 | D:2      | Noticed Natasha
   779 | D:2      | Killed Natasha
   780 | D:2      | Reached XP level 4. HP: 16/33 MP: 0/0
  1004 | D:2      | Noticed Natasha
  1012 | D:2      | Killed Natasha
  1118 | D:2      | Killed Sigmund
  1119 | D:2      | Reached skill level 4 in Spellcasting
  1119 | D:2      | Reached XP level 5. HP: 35/40 MP: 0/0
  1119 | D:2      | Learned a level 2 spell: Poisonous Vapours
  1119 | D:2      | Reached XP level 6. HP: 40/46 MP: 0/0
  1201 | D:2      | Noticed Natasha
  1205 | D:2      | Killed Natasha
  2088 | D:1      | Found a faded altar of an unknown god.
  2678 | D:3      | Noticed Jessica
  2678 | D:3      | Noticed Robin
  2786 | D:2      | Slain by a goblin

Illustrated notes

Levels and vault maps discovered:
D:1:      dpeg_arrival_radiant, layout_basic, shapermc_ecumenical_altar_venn
D:2:      minmay_wonky_spiral, layout_basic, uniq_natasha, uniq_sigmund
D:3:      kennysheep_six_static_rooms, layout_basic,
          cheibrodos_sewer_entry_sluice, uniq_grinder, uniq_jessica, uniq_robin

Skill      XL: |  1  2  3  4 |
---------------+-------------+-----
Fighting       | 1 3 |  3.2
Spellcasting   | 3 4 |  4.5
Dodging        | |  2.1
Stealth        | |  1.5

Action                   |  1- 3 |  4- 6 || total
-------------------------+-------+-------++-------
 Cast: Sandblast         |    33 |    16 ||    49
       Stone Arrow       |       |    29 ||    29
Armor: Robe              |     1 |     2 ||     3
Dodge: Dodged            |     6 |    17 ||    23

Table legend: (Time is in decaauts)
 A = Elapsed time spent in this place.
 B = Non-inter-level travel time spent in this place.
 C = Inter-level travel time spent in this place.
 D = Time resting spent in this place.
 E = Time spent auto-exploring this place.
 F = Levels seen in this place.
 G = Mean time per level.
                   A        B        C        D        E       F      G
               +--------+--------+--------+--------+--------+-----+--------+
         Total |   2797 |   2753 |     44 |    116 |   2424 |   3 |  932.3 |
       Dungeon |   2797 |   2753 |     44 |    116 |   2424 |   3 |  932.3 |
               +--------+--------+--------+--------+--------+-----+--------+

Top non-repeatable levels by time:
     D:2: 1554 daAuts
     D:1: 1235 daAuts
     D:3: 7 daAuts
